 Dungeon Crawl Stone Soup version 0.20.0-8-g6b59dc7 (webtiles) character file.

101 4thArraOfDagon the Insei (level 4, 1/28 HPs)
             Began as a Tengu Warper on May 31, 2017.
             Quit the game on level 5 of the Dungeon.
             The game lasted 00:05:38 (857 turns).

4thArraOfDagon the Insei (Tengu Warper)              Turns: 857, Time: 00:05:39

Health: 1/28       AC:  5    Str: 12    XL:     4   Next: 75%
Magic:  8/8        EV: 11    Int: 18    God:
Gold:   85         SH:  0    Dex: 13    Spells: 7/7 levels left

rFire    + . .     SeeInvis .     - Unarmed
rCold    + . .     Gourm    .   (no shield)
rNeg     . . .     Faith    .   p - +0 ring mail
rPois    +         Spirit   .   (helmet restricted)
rElec    +         Reflect  .   (no cloak)
rCorr    +         Harm     .   (no gloves)
MR       .....                  (boots unavailable)
Stlth    +.........             (no amulet)
Regen    0.1/turn               e - +2 ring of intelligence
MPRegen  0.2/turn               g - +2 ring of intelligence

@: lethally poisoned (1 -> -7), resistant, hasted, very quick
A: beak, talons 3
a: no special abilities


You were on level 5 of the Dungeon.
You were not hungry.

You visited 1 branch of the dungeon, and saw 5 of its levels.

You collected 85 gold pieces.

Inventory:

Hand Weapons
 n - a +3 dagger
Missiles
 d - 5 tomahawks of dispersal (quivered)
Armour
 a - a +0 leather armour
 p - a +0 ring mail (worn)
Jewellery
 e - a +2 ring of intelligence (left hand)
 g - a +2 ring of intelligence (right hand)
Scrolls
 c - 2 scrolls of blinking
 h - 2 scrolls of immolation {unknown}
 i - a scroll of enchant armour {unknown}
Books
 b - a book of Spatial Translocations

   Spells                             Type                      Level
   a - Blink                          Translocation                2
   b - Shroud of Golubria             Charms/Translocation         2
   c - Lesser Beckoning               Translocation                3
   d - Gell's Gravitas                Translocation                3
   e - Teleport Other                 Translocation                3
   f - Passage of Golubria            Translocation                4
 j - a book of Misfortune

   Spells                             Type                      Level
   a - Confusing Touch                Hexes                        1
   b - Confuse                        Hexes                        3
   c - Gell's Gravitas                Translocation                3
   d - Petrify                        Transmutation/Earth          4
   e - Metabolic Englaciation         Hexes/Ice                    5
   f - Yara's Violent Unravelling     Hexes/Transmutation          5
Comestibles
 f - 3 bread rations
 m - a meat ration
 q - a royal jelly
 r - 6 fruits


   Skills:
 - Level 3.0 Fighting
 - Level 1.0 Throwing
 - Level 1.1 Armour
 - Level 3.0 Dodging
 * Level 4.0 Unarmed Combat
 - Level 2.0 Spellcasting
   Level 2.4 Translocations


You had 7 spell levels left.
You didn't know any spells.

Dungeon Overview and Level Annotations

Branches:
Dungeon (5/15)
 Temple: D:4-7

Altars:


Innate Abilities, Weirdness & Mutations

You have a beak for a mouth.
You have claws for feet.


Message History

The scorpion is severely wounded.
The scorpion closely misses you.
Unknown command.
You barely miss the scorpion.
The scorpion is severely wounded.
* * * LOW HITPOINT WARNING * * *
You feel sick.
Unknown command.
Unknown command.
You hit the scorpion but do no damage. Your kick misses the scorpion.
The scorpion is severely wounded.
The scorpion stings you.
* * * LOW HITPOINT WARNING * * *
Unknown command.
You closely miss the scorpion.
You claw the scorpion, but do no damage.
The scorpion is severely wounded.
The scorpion barely misses you.
Unknown command.
Are you sure you want to abandon this character and quit the game? (Confirm with "yes".)

######
#...<#
#.####
#.# #.#
#.####.#
#......#
##@#..##
##s##.#
#.l.#.#
#.⌠...#
#....###
#...##
....#
....##
.⌠.<.#


You could see a scorpion and a frilled lizard.

Vanquished Creatures
  A worker ant (D:5)
  2 adders
  2 leopard geckos
  10 orcs
  5 bats
  2 giant cockroaches
  A hobgoblin (D:3)
  7 jackals
  A ball python (D:1)
  3 frilled lizards (D:3)
  4 goblins
  3 kobolds
  3 rats
44 creatures vanquished.

Notes
Turn   | Place    | Note
-------+----------+-------------------------------------------
     0 | D:1      | 4thArraOfDagon the Tengu Warper began the quest for the Orb.
     0 | D:1      | Reached XP level 1. HP: 12/12 MP: 4/4
    98 | D:2      | Reached XP level 2. HP: 6/17 MP: 6/6
   254 | D:2      | Found a faded altar of an unknown god.
   359 | D:3      | Reached XP level 3. HP: 19/22 MP: 7/7
   420 | D:3      | Reached skill level 3 in Unarmed Combat
   661 | D:3      | Reached XP level 4. HP: 10/27 MP: 8/8
   813 | D:5      | Entered Level 5 of the Dungeon
   833 | D:5      | Reached skill level 4 in Unarmed Combat
   855 | D:5      | HP: 1/28 [scorpion (1)]
   857 | D:5      | Quit the game

Skill      XL: |  1  2  3  4 |
---------------+-------------+-----
Unarmed Combat | 3 4 |  4.0
Dodging        | 3 |  3.0
Fighting       | 3 |  3.0
Throwing       | |  1.0
Armour         | |  1.1
Spellcasting   | |  2.0
Translocations | |  2.4

Action                   |  1- 3 |  4- 6 || total
-------------------------+-------+-------++-------
Melee: Unarmed           |   101 |    57 ||   158
       Kick              |    26 |    17 ||    43
       Peck              |    12 |     7 ||    19
  Use: Potion            |     3 |     3 ||     6
Armor: Leather armour    |    10 |       ||    10
       Ring mail         |     8 |     5 ||    13
Dodge: Dodged            |    59 |    39 ||    98
